 Dungeon Crawl Stone Soup version 0.26-a0-682-g294304f6e8 (webtiles) character file.

Game seed: 5749643484573543277

(classic levelgen) 487 EnegeticOcto the Stinger (level 7, -8/41 HPs)
             Began as a Halfling Venom Mage on Oct 21, 2020.
             Killed by divine providence
             ... invoked by an orc priest
              (14 damage)
             ... on level 5 of the Dungeon.
             The game lasted 00:07:46 (933 turns).

EnegeticOcto the Stinger (Halfling Venom Mage)       Turns: 933, Time: 00:07:47

Health: -8/41      AC:  3    Str:  9    XL:     7   Next: 36%
Magic:  0/10       EV: 15    Int: 15    God:
Gold:   129        SH:  0    Dex: 15    Spells: 7/10 levels left

rFire    . . .     SeeInvis .   j - +0 flail
rCold    . . .     Faith    .   (shield restricted)
rNeg     . . .     Spirit   .   a - +0 robe
rPois    .         Reflect  .   (no helmet)
rElec    .         Harm     .   q - +0 cloak
rCorr    .         Rampage  .   (no gloves)
MR       .....                  (no boots)
Stlth    ++........             (no amulet)
HPRegen  0.13/turn              (no ring)
MPRegen  0.12/turn              (no ring)

@: no status effects
A: small, mutation resistance 1
a: no special abilities


You were on level 5 of the Dungeon.
You visited 1 branch of the dungeon, and saw 5 of its levels.

You collected 129 gold pieces.

Inventory:

Hand Weapons
 b - a +0 short sword
 j - a +0 flail (weapon)
Missiles
 l - 16 poisoned darts (quivered)
 m - a throwing net {!f}
Armour
 a - a +0 robe (worn)
 q - a +0 cloak (worn)
 s - +0 pearl dragon scales
Wands
 i - a wand of iceblast (3) {@v2}
 t - a wand of enslavement (9)
Scrolls
 c - a scroll of remove curse {unknown}
 d - a scroll of noise {unknown}
 e - 4 scrolls of teleportation {unknown}
 g - 2 scrolls of identify {unknown}
 k - a scroll of fog {unknown}
Potions
 f - 2 potions of heal wounds {unknown}
 h - a potion of brilliance {unknown}
 n - a potion of berserk rage {unknown}
 o - a potion of curing {unknown}
 p - a potion of cancellation {unknown}
 r - a potion of ambrosia {unknown}


   Skills:
 - Level 2.1 Dodging
 - Level 2.1 Stealth
 - Level 2.0 Spellcasting
 - Level 1.0 Transmutations
 - Level 4.0 Air Magic
 + Level 6.3 Poison Magic


You had 7 spell levels left.
You knew the following spells:

 Your Spells              Type           Power        Failure   Level
a - Sting                 Tmut/Pois      ##..         4%          1
b - Poisonous Vapours     Pois/Air       ###...       4%          2

Your spell library contained the following spells:

 Spells                   Type           Power        Failure   Level
 Mephitic Cloud           Conj/Pois/Air  ##......     16%         3
 Olgreb's Toxic Radiance  Pois           ###.....     17%         4
 Ignite Poison            Fire/Tmut/Pois #.......     24%         3


Dungeon Overview and Level Annotations

Branches:
Dungeon (5/15)
 Temple: D:4-7

Altars:
Dithmenos
Yredelemnul
Zin

Annotations:
D:5 2 transporters


Innate Abilities, Weirdness & Mutations

You are small and have problems with some larger weapons.
You are somewhat resistant to further mutation.


Message History

The white imp is poisoned.
Casting: Sting (safe; 5% risk of failure)
Confirm with . or Enter, or press ? or * to list all spells.
Aiming: Sting (safe; 5% risk of failure)
Press: ? - help, Shift-Dir - straight line, f/p - white imp
Aim: a white imp (poisoned)
The sting misses the white imp.
Casting: Sting (safe; 5% risk of failure)
Confirm with . or Enter, or press ? or * to list all spells.
Aiming: Sting (safe; 5% risk of failure)
Press: ? - help, Shift-Dir - straight line, f/p - white imp
Aim: a white imp (poisoned)
The sting hits the white imp.
The white imp partially resists.
The white imp is lightly wounded.
The white imp closely misses you.
You hit the white imp.
The white imp is almost dead.
You kill the white imp!
f - 2 lumpy black potions (gained 1)
There is a fountain of clear blue water here.
You enter the shallow water.
Moving in this stuff is going to be slow.
A worker ant comes into view.
Casting: Sting (safe; 4% risk of failure)
Confirm with . or Enter, or press ? or * to list all spells.
Aiming: Poisonous Vapours (safe; 4% risk of failure)
Press: ? - help, Dir - move target cursor, f - worker ant
Aim: a worker ant (asleep) Poisonous vapours surround the worker ant!
The worker ant is engulfed in poison gas.
The worker ant is poisoned.
The worker ant barely misses you. The worker ant misses you.
The worker ant looks more healthy.
Casting: Poisonous Vapours (safe; 4% risk of failure)
Confirm with . or Enter, or press ? or * to list all spells.
Aiming: Sting (safe; 4% risk of failure)
Press: ? - help, Shift-Dir - straight line, f/p - worker ant
Aim: a worker ant (almost dead)
The sting hits the worker ant.
The worker ant is poisoned.
You kill the worker ant!
Found pearl dragon scales.
Found a twisted brass wand.
You see here pearl dragon scales. s - pearl dragon scales
Found a scroll labeled HYFUVV TAUFALI.
t - a wand of enslavement (9)
e - 4 scrolls labeled HYFUVV TAUFALI (gained 1)
Found a glowing silver altar of Zin.
The orc shouts!
You hear a shout!
Casting: Sting (safe; 4% risk of failure)
Confirm with . or Enter, or press ? or * to list all spells.
Aiming: Poisonous Vapours (safe; 4% risk of failure)
Press: ? - help, Dir - move target cursor, f - orc
Aim: an orc, wielding a +0 short sword and wearing a +0 leather armour Poisonous vapours surround the orc!
Casting: Poisonous Vapours (safe; 4% risk of failure)
Confirm with . or Enter, or press ? or * to list all spells.
Aiming: Poisonous Vapours (safe; 4% risk of failure)
Press: ? - help, Dir - move target cursor, f/p - orc
Aim: an orc, wielding a +0 short sword and wearing a +0 leather armour Poisonous vapours surround the orc!
The orc is engulfed in poison gas.
The orc is poisoned.
You kill the orc!
Casting: Poisonous Vapours (safe; 4% risk of failure)
Confirm with . or Enter, or press ? or * to list all spells.
Aiming: Poisonous Vapours (safe; 4% risk of failure)
Press: ? - help, Dir - move target cursor, f - orc priest
Aim: an orc priest Poisonous vapours surround the orc priest!
The orc priest is engulfed in poison gas.
The orc priest is poisoned.
The orc priest invokes the aid of Beogh against you.
Pain shoots through your body!
You closely miss the orc priest.
The orc priest is lightly wounded.
The orc priest closely misses you. The orc priest hits you.
Casting: Poisonous Vapours (safe; 4% risk of failure)
Confirm with . or Enter, or press ? or * to list all spells.
Aiming: Sting (safe; 4% risk of failure)
Press: ? - help, Shift-Dir - straight line, f/p - orc priest
Aim: an orc priest (lightly wounded, poisoned)
The sting misses the orc priest.
The orc priest completely misses you.
You hit the orc priest.
The orc priest is heavily wounded.
The orc priest looks more healthy.
The orc priest hits you but does no damage.
You barely miss the orc priest.
The orc priest is severely wounded.
The orc priest hits you. x2
You barely miss the orc priest.
The orc priest is severely wounded.
The orc priest hits you.
You barely miss the orc priest.
The orc priest is severely wounded.
The orc priest calls down the wrath of Beogh upon you.
Pain shoots through your body!
* * * LOW HITPOINT WARNING * * *
The orc priest calls down the wrath of Beogh upon you.
Beogh smites you!
You die...

# ....... # #....#
##########...o#
#............#
##..........#.###_+
##..........#.###+#
≈#..........#.# .#
≈#..........#.###.###.#
≈#............o.@.....#
≈#...................##
##..........##########
##..........#
##..........#
............#
.############ .# ##


You could see an orc priest.

Vanquished Creatures
  Menkaure (D:5)
  An ogre (D:4)
  A big kobold (D:4)
  A scorpion (D:5)
  A gnoll shaman (D:4)
  3 worker ants
  3 gnolls (D:4)
  An adder (D:2)
  A white imp (D:5)
  An ufetubus (D:5)
  A dart slug (D:2)
  3 leopard geckos
  2 orcs
  A bat (D:1)
  2 giant cockroaches
  A hobgoblin (D:1)
  A quokka (D:5)
  2 frilled lizards
  2 kobolds
29 creatures vanquished.

Notes
Turn   | Place    | Note
-------+----------+-------------------------------------------
     0 | D:1      | EnegeticOcto the Halfling Venom Mage began the quest for
                  | the Orb.
     0 | D:1      | Reached XP level 1. HP: 11/11 MP: 3/3
   144 | D:2      | Reached XP level 2. HP: 17/17 MP: 0/4
   153 | D:2      | Learned a level 2 spell: Poisonous Vapours
   239 | D:2      | You fall into a shaft and drop 1 floor!
   252 | D:4      | Reached skill level 1 in Air Magic
   252 | D:4      | Reached skill level 4 in Poison Magic
   252 | D:4      | Reached XP level 3. HP: 21/21 MP: 0/5
   311 | D:5      | Entered Level 5 of the Dungeon
   347 | D:4      | Noticed an ogre
   369 | D:4      | Killed an ogre
   369 | D:4      | Reached skill level 3 in Air Magic
   369 | D:4      | Reached XP level 4. HP: 27/27 MP: 1/6
   369 | D:4      | Reached XP level 5. HP: 31/31 MP: 1/7
   465 | D:4      | Reached skill level 4 in Air Magic
   644 | D:4      | Noticed a big kobold
   662 | D:4      | Killed a big kobold
   662 | D:4      | Reached skill level 5 in Poison Magic
   662 | D:4      | Reached XP level 6. HP: 22/36 MP: 1/8
   710 | D:5      | Found a basalt altar of Yredelemnul.
   715 | D:5      | Found a transporter.
   761 | D:5      | Found a transporter.
   761 | D:5      | Noticed Menkaure
   763 | D:5      | Killed Menkaure
   763 | D:5      | Reached skill level 6 in Poison Magic
   763 | D:5      | Reached XP level 7. HP: 40/41 MP: 9/9
   806 | D:5      | Found a shadowy altar of Dithmenos.
   836 | D:5      | Reached skill level 2 in Spellcasting
   836 | D:5      | Reached skill level 1 in Transmutations
   909 | D:5      | Found a glowing silver altar of Zin.
   933 | D:5      | Killed from afar by an orc priest

Illustrated notes

Levels and vault maps discovered:
D:1:      scummos_arrival_gate, layout_basic
D:2:      layout_loops_ring
D:3:      layout_rooms, nicolae_overflow_crystal_walls,
          nicolae_qazlal_eye_of_the_storm, makhleb_blood_cavern_becter,
          uniq_natasha
D:4:      layout_basic, trog_three_pillars_becter
D:5:      cheibrodos_helix_gallery, layout_basic,
          nicolae_dithmenos_the_darkroom, lemuel_blue_sif_altar,
          lemuel_doored_altar, gammafunk_temple_overflow_arena, serial_shops,
          shop, chequers_serial_rivers_room_b, dk_vineyard_3,
          chequers_serial_rivers_room_a, chequers_serial_rivers_micro_c,
          chequers_serial_rivers_small_3, uniq_menkaure

Skill      XL: |  1  2  3  4  5  6  7 |
---------------+----------------------+-----
Air Magic      | 1 3 4 |  4.0
Poison Magic   | 4 5 6 |  6.3
Spellcasting   | 2 |  2.0
Transmutations | 1 |  1.0
Dodging        | |  2.1
Stealth        | |  2.1

Action                   |  1- 3 |  4- 6 |  7- 9 || total
-------------------------+-------+-------+-------++-------
Melee: Short sword       |     6 |       |       ||     6
       Flail             |       |     8 |     8 ||    16
 Cast: Sting             |    16 |    12 |    12 ||    40
       Poisonous Vapours |     3 |     6 |     6 ||    15
Evoke: Wand              |       |     2 |     1 ||     3
Armor: Robe              |     2 |       |     3 ||     5
Dodge: Dodged            |    12 |    11 |     7 ||    30

Table legend: (Time is in decaauts)
 A = Elapsed time spent in this place.
 B = Non-inter-level travel time spent in this place.
 C = Inter-level travel time spent in this place.
 D = Time resting spent in this place.
 E = Time spent auto-exploring this place.
 F = Levels seen in this place.
 G = Mean time per level.
                   A        B        C        D        E       F      G
               +--------+--------+--------+--------+--------+-----+--------+
         Total |    955 |    946 |      9 |      0 |      0 |   5 |  191.0 |
       Dungeon |    955 |    946 |      9 |      0 |      0 |   5 |  191.0 |
               +--------+--------+--------+--------+--------+-----+--------+

Top non-repeatable levels by time:
     D:4: 428 daAuts
     D:5: 283 daAuts
     D:2: 139 daAuts
     D:1: 100 daAuts
     D:3: 3 daAuts
